 Dungeon Crawl Stone Soup version 0.31.0-32-g396128a36d (webtiles) character file.

Game seed: 12276719640749059985

57 melchizedek the Ruffian (level 4, -7/28 HPs)
             Began as an Octopode Shapeshifter on Apr 17, 2024.
             Mangled by a gnoll
             ... wielding a +0 halberd
              (13 damage)
             ... on level 3 of the Dungeon.
             The game lasted 00:02:44 (1746 turns).

melchizedek the Ruffian (Octopode Shapeshifter)     Turns: 1746, Time: 00:02:45

Health: -7/28      AC:  1    Str: 13    XL:     4   Next: 0%
Magic:  4/4        EV: 13    Int: 14    God:
Gold:   163        SH:  0    Dex: 11    Spells: 1/3 levels left

rFire   . .          .
                       - Unarmed
rCold   . . .        (no shield)
rNeg    . . .        (helmet currently unavailable)
rPois   .            (no amulet)
rElec   .            (no ring)
rCorr   .            (no ring)
SInv    .            (no ring)
Will    .....        (no ring)
Stlth   +++          (no ring)
HPRegen 0.24/turn    (no ring)
MPRegen 0.09/turn    (no ring)
                     (no ring)

%: no passive effects
@: beast-form
A: beast (slay +2), almost no armour, amphibious, 8 rings, camouflage 1,
gelatinous body 1, (nimble swimmer 1), tentacles
a: Begin Untransformation


You were on level 3 of the Dungeon.
You were a hulking beast.
You visited 1 branch of the dungeon, and saw 3 of its levels.

You collected 163 gold pieces.

Inventory:

Missiles
 h - 13 stones (quivered)
Magical Staves
 k - a staff of conjuration
Talismans
 b - a beast talisman
 c - a flux talisman
 r - a serpent talisman
Scrolls
 f - a scroll of immolation {unknown}
 g - 2 scrolls of teleportation {unknown}
 j - a scroll of fear {unknown}
 l - a scroll of enchant weapon {unknown}
 m - a scroll of vulnerability {unknown}
 n - a scroll of revelation {unknown}
 o - a scroll of torment {unknown}
 p - a scroll of identify {unknown}
Potions
 a - a potion of lignification
 d - 2 potions of mutation {unknown}
 e - a potion of curing {unknown}
 i - a potion of degeneration {unknown}
 q - a potion of brilliance {unknown}


   Skills:
 - Level 1.0 Fighting
 - Level 2.0 Dodging
 * Level 2.3 Stealth
 + Level 3.7 Unarmed Combat
 + Level 3.6 Shapeshifting


You had one spell level left.
You knew the following spells:

 Your Spells              Type           Power      Damage    Failure   Level
a - Blink                 Tloc           0%         N/A       41%         2

Your spell library contained the following spells:

 Spells                   Type           Power      Damage    Failure   Level
 Freeze                   Ice            0%         1d3       28%         1
 Cigotuvi's Dreadful Rot  Necr/Alch/Air  0%         N/A       41%         2
 Lesser Beckoning         Tloc           0%         N/A       41%         2
 Momentum Strike          Conj/Tloc      0%         3d8       41%         2
 Frozen Ramparts          Ice            0%         1d1       65%         3
 Hailstorm                Conj/Ice       0%         3d5       65%         3
 Dispel Undead            Necr           0%         3d6       96%         4
 Martyr's Knell           Necr/Summ      0%         N/A       96%         4
 Death Channel            Necr           0%         N/A       100%        6


Dungeon Overview and Level Annotations

Branches:
Dungeon (3/15)

Altars:


Innate Abilities, Weirdness & Mutations

You are a hulking beast.
Your limbs bulge with bestial killing power. (Slay +2)
You cannot wear most types of armour.
You are amphibious.
You can wear up to eight rings at the same time.
Your skin changes colour to match your surroundings (Stealth+).
Your rubbery body absorbs attacks. (AC +1, EV +1)
((You are camouflaged when in or above water. (Stealth+)))
You have tentacles for arms and can constrict up to eight enemies at once.


Message History

No target in view!
No target in view!
No target in view!
No target in view!
No target in view!
You see here a dart slug corpse.
You see here a staff of earth.
A ball python comes into view.
The helpless ball python fails to defend itself.
You tentacle-slap the ball python.
You kill the ball python!
You have reached level 4!
A gnoll comes into view.
It is wielding a +0 halberd and quivering 2 throwing nets.
You see here a ball python corpse.
A gnoll comes into view. It is wielding a +0 spear.
The gnoll throws a throwing net.
The throwing net barely misses you.
You see here a throwing net.
The gnoll hits you but does no damage.
A gnoll comes into view. It is wielding a +0 club.
The gnoll hits you with a +0 halberd!
You tentacle-slap the gnoll but do no damage.
You grab the gnoll.
You constrict the gnoll, but do no damage.
The gnoll shouts! x2
The gnoll hits you with a +0 halberd!
* * * LOW HITPOINT WARNING * * *
You release your grip on the gnoll.
The gnoll attacks as it pursues you! The gnoll barely misses you.
The gnoll throws a throwing net.
The throwing net hits you.
You become entangled in the net!
You see here a throwing net.
You struggle against the net.
You struggle against the net.
You struggle against the net.
You rip the net and break free!
The gnoll hits you from afar with a +0 spear.
* * * LOW HITPOINT WARNING * * *
The gnoll attacks as it pursues you!
The gnoll hits you from afar with a +0 halberd!
You die...

#.....#.#.##
###.(###.## #...##
##.# ...g...#..###.##
..##.###g#..|##
#.###.#...###
#.....gg....# #
#########.......# #.
#.......#..h....# #.
#.......†.........#
#.##.......###...###.#
#.........#.....# .#
###.......#.##..###.#
#†......#.##......
#............####
############.####
##.......####.#


You could see 3 gnolls.

Vanquished Creatures
  A ribbon worm (D:3)
  2 dart slugs
  An orc (D:2)
  3 ball pythons
  3 bats
  An endoplasm (D:2)
  A giant cockroach (D:2)
  6 goblins
  5 hobgoblins
  6 jackals
  2 quokkas (D:2)
  3 frilled lizards
  4 kobolds (D:1)
  4 rats
42 creatures vanquished.

Notes
Turn   | Place    | Note
-------+----------+-------------------------------------------
     0 | D:1      | melchizedek the Octopode Shapeshifter began the quest for
                  | the Orb.
     0 | D:1      | Reached XP level 1. HP: 13/13 MP: 1/1
   211 | D:1      | Reached XP level 2. HP: 11/18 MP: 2/2
   212 | D:1      | Reached skill level 1 in Stealth
   492 | D:1      | Reached XP level 3. HP: 23/23 MP: 3/3
  1043 | D:2      | Learned a level 2 spell: Blink
  1731 | D:3      | Reached XP level 4. HP: 28/28 MP: 4/4
  1746 | D:3      | Mangled by a gnoll

Illustrated notes

Levels and vault maps discovered:
D:1:      roderic_crossed_star, layout_basic
D:2:      layout_basic
D:3:      minmay_inner_zag, layout_loops_cross, mainiacjoe_overflow_alcove_1

Skill      XL: |  1  2  3 |
---------------+----------+-----
Stealth        | 1 2 |  2.3
Fighting       | |  1.0
Dodging        | |  2.0
Unarmed Combat | |  3.7
Shapeshifting  | |  3.6

Action                     |  1- 3 |  4- 6 || total
---------------------------+-------+-------++-------
  Melee: Unarmed           |    70 |     1 ||    71
         Constrict         |    24 |     1 ||    25
         Tentacles         |    18 |       ||    18
         Punch             |     2 |       ||     2
   Stab: Sleeping          |    12 |       ||    12
 Armour: Skin              |    16 |     5 ||    21
  Dodge: Dodged            |    33 |     2 ||    35
